AoeStats
← pity

Nomad

509772365Analyzed
2v2 RM · 4d ago on Sep 28, 2026· 27m 14s· 4 players
Game mode
Random Map
Map size
176×176
Population
200
Speed
Normal
Resources
Standard
Victory
Conquest
Starting age
Dark Age
Ending age
Imperial Age
RankedLock teamsTeams togetherTeam positionsShared explorationLock speedFull tech treeHidden civsTurbo modeCheats
Victory
Defeat
🇦🇷 Gurjaras · Argentina
1486
+16
🇦🇷 Saracens · Argentina
1387
+21
🇩🇪 Spanish · Germany
1501
-19
🇦🇷 Aztecs · Argentina
1474
-18
ELBIO
5:35 Loom
12:26 Feudal Age
17:29 Castle Age
16:07 Scale Mail Armor
17:37 Eagle Warrior
19:18 Forging
I_hate_arabia
10:36 Loom
13:06 Feudal Age
13:40 Double-Bit Axe
13:49 Town Watch
18:52 Castle Age
17:56 Forging
19:49 Bow Saw
20:04 Medium Warships
25:56 Husbandry
pity
5:16 Loom
12:28 Feudal Age
16:14 Castle Age
15:23 Scale Barding Armor
15:06 Double-Bit Axe
15:19 Gold Mining
16:19 Bloodlines
16:45 Forging
23:17 Town Watch
25:18 Husbandry
25:39 Bow Saw
FrAnKeN
5:47 Loom
12:16 Feudal Age
12:50 Double-Bit Axe
16:13 Fletching
21:16 Castle Age
19:02 Horse Collar
22:32 Scale Barding Armor
25:33 Heavy Plow
27:21 Wheelbarrow
26:48 Fishing Lines
Connection lost

Rejoining the realm…

Still unreachable

The connection could not be restored.

Session expired

The server has moved on; the page needs a fresh start.